 Dungeon Crawl Stone Soup version 0.30-a0-149-g7f746667c4 (webtiles) character file.

Game seed: 6329964524252936615

609 drugrobin the Cutter (level 6, -2/45 (50) HPs)
             Began as a Demigod Delver on Sept 26, 2022.
             Slain by a wight
             ... wielding a +4 scimitar of freezing
              (5 damage)
             ... on level 5 of the Dungeon.
             The game lasted 00:12:13 (5135 turns).

drugrobin the Cutter (Demigod Delver)               Turns: 5135, Time: 00:12:13

HP:   -2/45 (50)    AC:  7    Str: 23    XL:     6   Next: 99%
MP:   8/8           EV: 12    Int: 12    God:
Gold: 151           SH:  0    Dex: 19    Spells: 5/5 levels left

rFire   . . .      SeeInvis .    a - +0 rapier
rCold   . . .      Faith    .    (no shield)
rNeg    . . .      Spirit   .    k - +0 leather armour
rPois   .          Reflect  .    z - +2 helmet
rElec   .          Harm     .    (no cloak)
rCorr   .          Rampage  .    (no gloves)
Will    .....                    t - +0 pair of boots
Stlth   +++.......               (no amulet)
HPRegen 0.15/turn                M - +6 ring of strength
MPRegen 0.11/turn                H - +4 ring of slaying

@: heavily drained
A: high MP 1, forlorn, divine attributes
a: no special abilities


You were on level 5 of the Dungeon.
You visited 1 branch of the dungeon, and saw 6 of its levels.

You collected 286 gold pieces.
You spent 135 gold pieces at shops.

Inventory:

Hand Weapons
 a - a +0 rapier (weapon)
 b - a +0 dagger of venom
 c - a +0 sling
 d - the +8 spear of Esuw {holy, +Blink rC+++ Dex-3 SInv}
   (You found it on level 2 of the Dungeon)

   It has been blessed by the Shining One to cause great damage to the undead
   and demons.
   Dex:       It affects your dexterity (-3).
   rC:        It renders you almost immune to cold.
   SInv:      It lets you see invisible.
   +Blink:    It lets you blink.
 F - a +0 short sword
Missiles
 l - 5 poisoned darts
 E - 5 boomerangs (quivered)
Armour
 k - a +0 leather armour (worn)
 o - a +0 scale mail
 t - a +0 pair of boots (worn)
 z - a +2 helmet (worn)
Jewellery
 v - a ring of ice
 y - a ring of resist corrosion
 H - a +4 ring of slaying (right hand)
 M - a +6 ring of strength (left hand)
 N - a ring of positive energy
Wands
 g - a wand of digging (3)
Scrolls
 e - 3 scrolls of fear
 j - 9 scrolls of identify {unknown}
 n - a scroll of torment {unknown}
 p - a scroll of enchant armour {unknown}
 r - 2 scrolls of amnesia {unknown}
 s - 2 scrolls of enchant weapon {unknown}
 w - a scroll of fog
 B - a scroll of magic mapping
 G - 2 scrolls of poison {unknown}
 J - a scroll of blinking {unknown}
 K - 2 scrolls of teleportation {unknown}
 L - 2 scrolls of acquirement {unknown}
Potions
 f - 2 potions of haste
 h - 2 potions of mutation {unknown}
 i - 2 potions of degeneration {unknown}
 m - a potion of curing
 q - 3 potions of might {unknown}
 u - a potion of heal wounds {unknown}
 x - a potion of lignification {unknown}
 A - a potion of ambrosia {unknown}
 C - 4 potions of attraction {unknown}
 D - a potion of brilliance {unknown}


   Skills:
 - Level 2.6 Fighting
 + Level 7.3 Short Blades
 - Level 1.7 Dodging
 - Level 4.5 Stealth


You had 5 spell levels left.
You didn't know any spells.
Your spell library contained the following spells:

 Spells                   Type           Power      Damage    Failure   Level
 Arcjolt                  Conj/Air       0%         1d10      100%        5
 Iskenderun's Battlesphe  Conj           0%         2d6       100%        5
 Iron Shot                Conj/Erth      0%         9d1       100%        6
 Spellforged Servitor     Conj/Summ      0%         N/A       100%        7


Dungeon Overview and Level Annotations

Branches:
Dungeon (6/15)             Temple (0/1) D:5

Shops:
D:3 *


Innate Abilities, Weirdness & Mutations

You have an increased reservoir of magic. (+10% MP)
You shall have no god before yourself.
Your divine heritage dramatically boosts your attributes as you level up.


Message History

Your life force is drained.
Your movement speed is average.
Your attack delay is about 0.8.
Your damage rating with your +0 rapier is about 14 (Base 7 x 122% (Dex) x 119% (Skill) + 4 (Slay)).
Your base attributes are Str 17, Int 12, Dex 19.
Unknown command.
Unknown command.
Unknown command.
Unknown command.
You completely miss the wight.
The wight is moderately damaged.
Unknown command.
Unknown command.
Unknown command.
Unknown command.
Unknown command.
You barely miss the wight.
The wight is moderately damaged.
The wight barely misses you.
Unknown command.
Unknown command.
Unknown command.
You hit the wight.
The wight is heavily damaged.
The wight misses you.
Unknown command.
Unknown command.
Unknown command.
Unknown command.
Press: ? - help, v - describe, . - travel
Here: a wight, wielding a +4 scimitar of freezing and wearing a +0 robe (heavily damaged)
The floor.
Unknown command.
Unknown command.
Unknown command.
Unknown command.
You feel better.
The wight hits you with a +4 scimitar of freezing!
* * * LOW HITPOINT WARNING * * *
You feel drained.
You die...

.....### #..##............#
.....#.## #..##..###........
.....#..#### #..##..###†###.#..
...○.#.....# #....(.........#..
....°#..##.#####..###.#.#.#####..
.....#............# #.#.#.## #.#
.....##########..## #.#.#..# #.#
.....# #.z# #.#.##.# #.#
...°.##########.@# #.#.##.## #.#
.....#...........## #.#.#...###.#
.°...#............# #...........#
.○...##########.#.# ###÷#.).#####
####### #...<##.#.# #.##.####
...##.# #.##.##.#.# #.......#
..###.# #.##.##.#.### #..#.##.#
..# #.# #.##.##.....# #..#[##.# #
..###.###.##.####.#.# #..#.##.###


You could see a wight.

Vanquished Creatures
  2 ice beasts (D:5)
  A howler monkey (D:4)
  An orc priest (D:4)
  2 hounds
  2 iguanas (D:5)
  Robin (D:2)
  3 gnolls (D:3)
  9 adders
  A white imp (D:5)
  A worm (D:3)
  2 dart slugs
  12 orcs
  7 bats
  8 endoplasms
  2 giant cockroaches
  13 hobgoblins
  3 jackals (D:2)
  12 kobolds
  A quokka (D:2)
  6 ball pythons
  4 frilled lizards
  13 goblins
  2 rats
108 creatures vanquished.

Notes
Turn   | Place    | Note
-------+----------+-------------------------------------------
     0 | D:5      | drugrobin the Demigod Delver began the quest for the Orb.
     0 | D:5      | Reached XP level 1. HP: 18/18 MP: 3/3
   192 | D:5      | Noticed an ice beast
   251 | D:5      | Reached skill level 2 in Short Blades
   310 | D:5      | Noticed a hound
   387 | D:5      | Noticed an iguana
   564 | D:5      | Noticed an ice beast
   644 | D:4      | Noticed a hound
   662 | D:2      | Reached XP level 2. HP: 7/25 MP: 4/4
  1285 | D:1      | Reached skill level 3 in Short Blades
  1830 | D:2      | Reached XP level 3. HP: 30/30 MP: 5/5
  2017 | D:2      | Noticed Robin
  2143 | D:2      | Killed Robin
  2148 | D:2      | Reached skill level 4 in Short Blades
  2182 | D:2      | Reached XP level 4. HP: 31/37 MP: 6/6
  2474 | D:2      | Identified the +8 spear of Esuw {holy, +Blink rC+++ Dex-3
                  | SInv}
  3073 | D:3      | Reached skill level 5 in Short Blades
  3095 | D:3      | Reached XP level 5. HP: 37/42 MP: 7/7
  3510 | D:3      | Found Viobaet's Assorted Antiques.
  3525 | D:3      | Bought a small steel ring for 135 gold pieces
  4067 | D:4      | Reached skill level 6 in Short Blades
  4078 | D:4      | Reached XP level 6. HP: 50/50 MP: 8/8
  4640 | D:5      | Found a staircase to the Ecumenical Temple.
  4848 | D:5      | Reached skill level 7 in Short Blades
  5135 | D:5      | Slain by a wight

Illustrated notes

Levels and vault maps discovered:
D:1:      lightli_arrival_maybe_door_vault, layout_basic, minmay_quantized
D:2:      layout_basic, nicolae_figureground_sparkle, uniq_robin
D:3:      layout_basic, grunt_gozag_statues,
          nicolae_wu_jian_immortal_techniques, serial_shops,
          nicolae_lakefront_shop, chequers_ecumenical_altar_twisty
D:4:      layout_loops_corners, mainiacjoe_overflow_large_starburst,
          chequers_temple_overflow_statue_of_worship
D:5:      layout_loops_ring, grunt_temple_overflow_open,
          lemuel_temple_firewalk_b
D:6:      layout_loops_cross, nicolae_ossuary_entry_monument, uniq_eustachio,
          uniq_blork_the_orc

Skill      XL: |  1  2  3  4  5  6 |
---------------+-------------------+-----
Short Blades   | 2 3 4 5 6 7 |  7.3
Fighting       | |  2.6
Dodging        | |  1.7
Stealth        | |  4.5

Action                   |  1- 3 |  4- 6 || total
-------------------------+-------+-------++-------
Melee: Short sword       |    65 |       ||    65
       Dagger            |    66 |    27 ||    93
       Spear             |       |    70 ||    70
       Rapier            |       |    70 ||    70
       Punch             |       |     1 ||     1
 Fire: Sling             |    11 |     3 ||    14
Throw: Boomerang         |       |     4 ||     4
  Use: Potion            |       |     1 ||     1
 Stab: Sleeping          |     7 |    13 ||    20
Armor: Leather armour    |    27 |    30 ||    57
Dodge: Dodged            |    55 |    83 ||   138

Table legend: (Time is in decaauts)
 A = Elapsed time spent in this place.
 B = Non-inter-level travel time spent in this place.
 C = Inter-level travel time spent in this place.
 D = Time resting spent in this place.
 E = Time spent auto-exploring this place.
 F = Levels seen in this place.
 G = Mean time per level.
                   A        B        C        D        E       F      G
               +--------+--------+--------+--------+--------+-----+--------+
         Total |   5104 |   4947 |    157 |    505 |   3324 |   6 |  850.7 |
       Dungeon |   5104 |   4947 |    157 |    505 |   3324 |   6 |  850.7 |
               +--------+--------+--------+--------+--------+-----+--------+

Top non-repeatable levels by time:
     D:2: 1298 daAuts
     D:5: 1075 daAuts
     D:4: 907 daAuts
     D:1: 906 daAuts
     D:3: 856 daAuts
     D:6: 60 daAuts
